 Dungeon Crawl Stone Soup version 0.29.0-4-gdea44cf6ec (webtiles) character file.

Game seed: 9846058488953777599

37 qw the Chopper (level 3, -1/21 HPs)
             Began as a Tengu Warper on Aug 28, 2022.
             Slain by Terence
             ... wielding a +0 short sword
              (4 damage)
             ... on level 2 of the Dungeon.
             The game lasted 00:00:09 (1590 turns).

qw the Chopper (Tengu Warper)                       Turns: 1590, Time: 00:00:10

Health: -1/21      AC:  3    Str: 13    XL:     3   Next: 39%
Magic:  7/7        EV:  7    Int: 13    God:
Gold:   50         SH: 10    Dex: 13    Spells: 6/6 levels left

rFire   . . .      SeeInvis .   Y - +0 hand axe
rCold   . . .      Faith    .   i - +0 tower shield
rNeg    . . .      Spirit   .   b - +0 leather armour
rPois   .          Reflect  .   (helmet restricted)
rElec   .          Harm     .   (no cloak)
rCorr   .          Rampage  .   (no gloves)
Will    .....                   (boots unavailable)
Stlth   +.........              (no amulet)
HPRegen 0.07/turn               (no ring)
MPRegen 0.10/turn               (no ring)

@: no status effects
A: beak, talons 3
a: no special abilities


You were on level 2 of the Dungeon.
You visited 1 branch of the dungeon, and saw 2 of its levels.

You collected 50 gold pieces.


Innate Abilities, Weirdness & Mutations

You have a beak for a mouth.
You have claws for feet.


   Skills:
 - Level 2.0 Fighting
 - Level 4.0 Axes
 - Level 1.0 Throwing
 - Level 1.1 Armour
 - Level 2.1 Dodging
 + Level 0.4 Shields
 - Level 2.0 Spellcasting
 - Level 2.4 Translocations


You had 6 spell levels left.
You didn't know any spells.
Your spell library contained the following spells:

 Spells                   Type           Power      Damage    Failure   Level
 Blink                    Tloc           14%        N/A       97%         2
 Gell's Gravitas          Tloc           7%         N/A       100%        3
 Lesser Beckoning         Tloc           7%         N/A       100%        3
 Teleport Other           Tloc           7%         N/A       100%        3
 Manifold Assault         Tloc           7%         N/A       100%        5

Inventory:

Hand Weapons
 f - a +0 mace
 Y - a +0 hand axe (weapon)
Armour
 b - a +0 leather armour (worn)
 i - a +0 tower shield (worn)
Scrolls
 c - a scroll of identify
Potions
 a - a potion of curing {unknown}
 d - a potion of might {unknown}
 g - a potion of flight {unknown}
 h - a potion of heal wounds {unknown}

Dungeon Overview and Level Annotations

Branches:
Dungeon (2/15)

Altars:

Shops:
D:1 (

Annotations:
D:2 Terence


Message History

A bat comes into view.
You hit the bat but do no damage. You block the bat's attack.
You hit the bat but do no damage. You block the bat's attack.
The bat hits you but does no damage. The bat closely misses you.
You barely miss the bat. You claw the bat.
The bat is severely wounded.
You block the bat's attack. The bat barely misses you.
You closely miss the bat. Your kick misses the bat. You peck the bat.
You kill the bat!
You see here a bat corpse.
Terence the Incautious comes into view.
He is wielding a +0 short sword.
Terence shouts!
Enter note: You barely miss Terence.
Your kick misses Terence. Terence hits you with a +0 short sword.
You hit Terence.
Terence is lightly wounded.
Terence hits you but does no damage. Terence hits you with a +0 short sword.
You hit Terence but do no damage.
Terence is lightly wounded.
Terence hits you but does no damage.
You hit Terence but do no damage. You claw Terence, but do no damage.
Terence is lightly wounded.
You block Terence's attack. x2
You closely miss Terence. You claw Terence.
Terence is moderately wounded.
Terence hits you with a +0 short sword.
You closely miss Terence. You claw Terence. You peck Terence, but do no damage.
Terence is moderately wounded.
You block Terence's attack. Terence hits you with a +0 short sword.
You barely miss Terence. You claw Terence, but do no damage.
Terence is moderately wounded.
Terence hits you with a +0 short sword.
You hit Terence but do no damage. You claw Terence.
You peck Terence, but do no damage.
Terence is heavily wounded.
Terence hits you with a +0 short sword.
You die...

.......#.##......+
.......#.#....#.##
.......#.#%##.#.#
#..##+##.#......#
##. #.#<...###
#.#.....#######
#.......#.....#
#...........###+#
#####.###..@#
#......@.......
##.#........... #
#........###
............
#.....#.......
#.#...#...#...
#.#... ...####


You could see Terence.

Vanquished Creatures
  2 dart slugs (D:1)
  6 bats
  4 endoplasms (D:1)
  6 hobgoblins
  2 quokkas (D:1)
  4 ball pythons (D:1)
  A frilled lizard (D:1)
  3 goblins (D:1)
  A kobold (D:1)
  2 rats
31 creatures vanquished.

Vanquished Creatures (others)
  2 plants (D:1)
2 creatures vanquished.

Grand Total: 33 creatures vanquished

Notes
Turn   | Place    | Note
-------+----------+-------------------------------------------
     0 | D:1      | qw the Tengu Warper began the quest for the Orb.
     0 | D:1      | Reached XP level 1. HP: 12/12 MP: 4/4
     0 | D:1      | 0 ||| qw: Version: 0.1-a-89-g26bdef1
     0 | D:1      | 0 ||| qw: Game counter: 549
     0 | D:1      | 0 ||| qw: Always use a shield: true
     0 | D:1      | 0 ||| qw: God list: Okawaru
     0 | D:1      | 0 ||| qw: Allow faded altars: false
     0 | D:1      | 0 ||| qw: Do Orc after D:15 true
     0 | D:1      | 0 ||| qw: Do second Lair branch before Depths: true
     0 | D:1      | 0 ||| qw: Lair rune preference: random
     0 | D:1      | 0 ||| qw: Plans: Normal
     0 | D:1      | 0 ||| PLANNING D:1-11
   112 | D:1      | 112 ||| Stepping ~*~*~tactically~*~*~ (stealth).
   113 | D:1      | 113 ||| Stepping ~*~*~tactically~*~*~ (stealth).
   114 | D:1      | 114 ||| Stepping ~*~*~tactically~*~*~ (stealth).
   207 | D:1      | Found a faded altar of an unknown god.
   239 | D:1      | Reached XP level 2. HP: 17/17 MP: 6/6
   263 | D:1      | Reached skill level 3 in Axes
   720 | D:1      | Reached XP level 3. HP: 18/21 MP: 7/7
   954 | D:1      | Found Paben's Weapon Emporium.
  1149 | D:1      | Reached skill level 4 in Axes
  1425 | D:1      | 1425 ||| UPGRADING to +0 kite shield.
  1430 | D:1      | 1430 ||| UPGRADING to +0 tower shield.
  1440 | D:1      | 1440 ||| DROPPING +0 kite shield.
  1441 | D:1      | 1441 ||| READING scroll labelled MOIKLOBOAJ.
  1442 | D:1      | 1442 ||| DROPPING scroll of blinking.
  1577 | D:2      | Noticed Terence
  1588 | D:2      | HP: 5/21 [Terence/+0 short sword (5)]
  1590 | D:2      | Slain by Terence

Levels and vault maps discovered:
D:1:      psy_arrival_heroes, layout_basic, serial_shops, shop, serial_bayou,
          serial_bayou_pond_a, serial_bayou_pond_e, serial_bayou_pond_e,
          serial_bayou_pond_d, serial_bayou_lake_a,
          chequers_ecumenical_altar_twisty
D:2:      layout_basic, mrwooster_statue_mirror, uniq_terence

Skill      XL: |  1  2  3 |
---------------+----------+-----
Axes           | 3 4 |  4.0
Fighting       | |  2.0
Throwing       | |  1.0
Armour         | |  1.1
Dodging        | |  2.1
Shields        | |  0.4
Spellcasting   | |  2.0
Translocations | |  2.4

Action                   || total
-------------------------++-------
Melee: Hand axe          ||    79
       Kick              ||    17
       Peck              ||    11
Throw: Boomerang         ||     7
  Use: Scroll            ||     1
Armor: Leather armour    ||    18
Dodge: Dodged            ||    34
Block: Tower shield      ||    11

Table legend:
 A = Non-vault XP
 B = Vault XP
 C = Vault XP percentage of total XP
 D = Non-vault monster count
 E = Vault monster count
 F = Vault count percentage of total count
                 A         B        C        D         E       F
            +---------+---------+-------+---------+---------+-------
      Total |      53 |       0 |   0.0 |      31 |       0 |   0.0
            +---------+---------+-------+---------+---------+-------
        D:1 |      47 |       0 |   0.0 |      27 |       0 |   0.0
        D:2 |       6 |       0 |   0.0 |       4 |       0 |   0.0
            +---------+---------+-------+---------+---------+-------
